Map: Prion Terraces

Players

LindyHop

  • Race: Zerg Zerg
  • League: Platinum

Abyss - Winner!

  • Race: Terran Terran
  • League: Diamond

VOD

Have the link to the VOD?

Description

Time

  • Played on: Jan. 10, 2016, 6:58 a.m.
  • Length: 10:46
Show
View Real Time Build Order
Export as new Build Order

LindyHop Zerg 

Build Orders: Hatch First, Muta Ling Bane 

Get SALT Encoding   

  12  0:01  Drone  
  13  0:12  Overlord  
  13  0:17  Drone  
  14  0:30  Drone x2  
  14  0:34  Drone  
  17  0:53  Hatchery  
  16  0:58  Drone  
  17  1:11  Spawning Pool  
  17  1:15  Drone  
  17  1:20  Drone  
  18  1:30  Extractor  
  18  1:31  Drone x2  
  19  1:53  Overlord  
  19  1:56  Drone  
  20  2:04  Queen  
  20  2:05  Queen  
  20  2:07  Zergling x2  
  25  2:10  Zergling x2  
  26  2:27  Drone x2  
  28  2:30  Metabolic Boost  
  28  2:45  Roach Warren  
  28  2:50  Zergling x4  
  28  2:57  Zergling x4  
  30  3:06  Zergling x6  
  32  3:26  Roach  
  32  3:27  Roach  
  34  3:32  Queen  
  33  3:44  Roach x2  
  34  3:50  Roach  
  34  3:52  Overlord x2  
  35  3:59  Lair  
  35  4:15  Roach x2  
  37  4:18  Drone x3, Extractor  
  37  4:19  Drone  
  37  4:23  Zergling x2  
  41  4:24  Spine Crawler  
  40  4:38  Roach  
  40  4:39  Roach x2  
  46  4:48  Drone  
  46  4:49  Drone x4  
  50  5:05  Drone x2, Extractor  
  51  5:08  Extractor  
  51  5:12  Drone  
  51  5:27  Overlord  
  51  5:28  Overlord  
  51  5:40  Overlord x2  
  51  5:47  Spire  
  48  5:51  Evolution Chamber  
  41  6:10  Zergling x6  
  41  6:11  Zergling x14  
  51  6:19  Zerg Ground Armor Level 1  
  51  6:22  Drone x3  
  51  6:24  Drone x2  
  56  6:36  Drone x2  
  58  6:40  Drone x3  
  59  7:05  Mutalisk  
  59  7:06  Mutalisk x3  
  65  7:12  Zergling x4  
  60  7:19  Mutalisk x2  
  64  7:28  Overlord x2, Baneling Nest  
  63  7:48  Hatchery  
  62  8:02  Mutalisk x3  
  62  8:03  Mutalisk  
  70  8:11  Drone x5  
  70  8:12  Drone x2  
  77  8:23  Zerg Melee Weapons Level 1  
  77  8:26  Centrifical Hooks  
  76  8:43  Zergling x16  
  85  8:48  Zergling x6  
  85  8:49  Zergling x2  
  88  9:11  Zergling x2  
  88  9:12  Zergling x10  
  94  9:25  Baneling x8  
  94  9:26  Baneling x8  
  94  9:27  Zergling x10  
  99  9:35  Zergling x6  
  99  9:44  Zergling x6  
  102  9:55  Drone x3, Extractor  
  102  9:56  Extractor  
Show
View Real Time Build Order
Export as new Build Order

Abyss Terran - Winner!

Build Orders: MMM Bio 

Get SALT Encoding   

  12  0:00  SCV  
  13  0:13  SCV  
  14  0:18  Supply Depot  
  14  0:25  SCV  
  15  0:30  Refinery  
  15  0:39  SCV  
  16  0:45  Barracks  
  16  0:51  SCV  
  17  1:03  SCV  
  18  1:10  Barracks  
  18  1:20  SCV  
  19  1:29  Barracks  
  19  1:32  Reaper  
  20  1:42  Supply Depot  
  20  1:50  Orbital Command  
  20  1:57  Reaper  
  21  2:07  Reaper  
  22  2:17  Reaper  
  22  2:19  SCV  
  24  2:36  SCV  
  25  2:41  Command Center  
  25  2:53  Reaper x2  
  25  2:55  SCV  
  28  3:00  Supply Depot  
  28  3:03  Refinery  
  28  3:08  SCV  
  29  3:38  SCV, Reaper  
  29  3:39  Reaper  
  32  3:52  SCV  
  32  3:54  Orbital Command  
  33  3:56  Factory  
  33  4:03  Barracks Tech Lab  
  33  4:04  SCV  
  33  4:05  Engineering Bay  
  33  4:07  Engineering Bay  
  34  4:14  Reaper  
  34  4:16  SCV  
  35  4:26  Orbital Command  
  33  4:46  SCV  
  33  4:47  Reaper x2  
  33  4:49  Stimpack  
  36  4:54  Barracks  
  36  4:55  Barracks  
  36  4:58  SCV  
  38  5:00  SCV  
  38  5:04  Refinery  
  38  5:10  SCV  
  39  5:27  SCV x2  
  41  5:30  Missile Turret  
  41  5:32  Missile Turret  
  41  5:39  SCV x2, Marine x3  
  41  5:40  Command Center  
  44  5:57  Marine  
  45  6:05  SCV x2  
  45  6:07  Marine x4  
  45  6:09  Terran Infantry Weapons Level 1, Terran Infantry Armor Level 1  
  51  6:12  Supply Depot x2  
  51  6:14  Supply Depot  
  51  6:15  Marine  
  51  6:17  SCV  
  53  6:19  Starport  
  53  6:25  Factory Tech Lab  
  53  6:28  SCV  
  53  6:29  Missile Turret  
  53  6:31  Armory  
  53  6:32  Missile Turret  
  54  6:33  SCV, Marine x4  
  54  6:36  Bunker  
  54  6:37  Bunker  
  59  6:40  SCV, Barracks Tech Lab  
  60  6:48  SCV  
  60  6:52  SCV, Marauder  
  62  7:17  SCV x2  
  62  7:18  Marauder x2, Marine x2  
  62  7:19  Marine  
  62  7:21  Orbital Command  
  71  7:24  Starport Reactor  
  71  7:29  Siege Tank  
  74  7:32  Refinery  
  74  7:36  Marine x2  
  74  7:37  Supply Depot, SCV x2  
  76  7:40  Marauder x2  
  78  7:55  Combat Shields  
  78  7:56  Marine x2  
  79  8:01  Thor  
  79  8:05  Medivac x2  
  89  8:07  Orbital Command  
  89  8:08  Marine x2  
  89  8:09  Marine  
  89  8:12  Supply Depot  
  92  8:33  Missile Turret  
  92  8:34  SCV x2  
  94  8:35  SCV  
  94  8:40  Terran Vehicle Weapons Level 1  
  95  8:41  Marine  
  96  8:49  SCV x2  
  96  8:52  Medivac  
  96  8:55  Medivac  
  102  8:57  Supply Depot  
  102  9:00  Missile Turret  
  102  9:01  Supply Depot  
  102  9:06  Marauder, Marine  
  102  9:07  Marauder, Marine x2  
  109  9:11  Supply Depot  
  109  9:12  Supply Depot  
  109  9:24  Barracks, Marine  
  109  9:29  Barracks  
  110  9:33  Supply Depot  
  109  9:40  Medivac x2  
  113  9:46  Marine  
  113  9:47  Marine x2, Marauder x2  
  120  10:02  Siege Tank  
  120  10:04  Marine x2  
  120  10:05  Marine  
  126  10:10  Medivac x2  
  126  10:11  Marauder, Marine  
  129  10:22  Marine x2  
Tags
 
Add a new tag
Caveats
  • Supply blocks, unpowered buildings, or Contaminate may cause inaccurate times.
  • Supply counts are checked every 10 seconds.